 Dungeon Crawl Stone Soup version 0.28-a0-1594-ga885d4b3d6 (webtiles) character file.

Game seed: 8738753907967120575

530 cyrus the Poker (level 7, -5/41 HPs)
             Began as a Gargoyle Gladiator on Jan 20, 2022.
             Was an Initiate of Yredelemnul.
             Slain by Pikel (7 damage)
             ... on level 5 of the Dungeon on Jan 21, 2022.
             The game lasted 00:14:48 (3420 turns).

cyrus the Poker (Gargoyle Gladiator)                Turns: 3420, Time: 00:14:49

Health: -5/41      AC:  5    Str: 17    XL:     7   Next: 24%
Magic:  7/7        EV: 13    Int: 11    God:    Yredelemnul [......]
Gold:   135        SH:  0    Dex: 11    Spells: 6/6 levels left

rFire   . . .      SeeInvis .   a - +0 trident
rCold   . . .      Faith    .   j - orb {light}
rNeg    + . .      Spirit   .   (no armour)
rPois   ∞          Reflect  .   c - +0 helmet
rElec   +          Harm     .   (no cloak)
rCorr   .          Rampage  .   (no gloves)
Will    .....                   (no boots)
Stlth   +.........              (no amulet)
HPRegen 0.13/turn               (no ring)
MPRegen 0.10/turn               (no ring)

@: glowing
A: sickness immunity, AC +4, negative energy resistance 1, electricity
resistance, torment resistance 1, petrification resistance
a: Renounce Religion, Recall Undead Harvest


You were on level 5 of the Dungeon.
You worshipped Yredelemnul.
Yredelemnul was noncommittal.
You visited 1 branch of the dungeon, and saw 5 of its levels.

You collected 135 gold pieces.

Inventory:

Hand Weapons
 a - a +0 trident (weapon)
 l - a +0 hand axe
Missiles
 f - 91 stones (quivered)
Armour
 b - a +0 leather armour
 c - a +0 helmet (worn)
 j - an orb of light (worn)
 o - a +0 scale mail
Jewellery
 m - an amulet of regeneration
Wands
 g - a wand of flame (23)
Scrolls
 e - 2 scrolls of teleportation {unknown}
 h - a scroll of blinking {unknown}
 i - 2 scrolls of identify {unknown}
 n - a scroll of brand weapon {unknown}
Potions
 d - a potion of berserk rage {unknown}
 k - 2 potions of curing {unknown}


   Skills:
 + Level 3.2 Fighting
 + Level 5.4 Polearms
 + Level 2.1 Throwing
 + Level 2.6 Armour
 + Level 3.8 Dodging
 + Level 1.0 Stealth


You had 6 spell levels left.
You didn't know any spells.
Your spell library contained the following spells:

 Spells                   Type           Power      Damage    Failure   Level
 Call Canine Familiar     Summ           0%         N/A       71%         3
 Portal Projectile        Hex/Tloc       0%         N/A       71%         3
 Leda's Liquefaction      Hex/Erth       0%         N/A       98%         4


Dungeon Overview and Level Annotations

Branches:
Dungeon (5/15)             Temple (0/1) D:4

Altars:
Makhleb
Nemelex Xobeh
Vehumet
Yredelemnul
Zin

Annotations:
D:5 Pikel


Innate Abilities, Weirdness & Mutations

You are immune to sickness and miasma.
Your stone body is resilient. (AC +4)
You are immune to poison.
You resist negative energy. (rN+)
You are resistant to electric shocks. (rElec)
You are resistant to unholy torment.
You are immune to petrification.


Message History

You finish taking off your +0 leather armour.
You barely miss the lemure.
The hound zombie bites you but does no damage.
The lemure hits you. Pikel barely misses you.
You hit the lemure but do no damage. The hound zombie closely misses you.
The lemure hits you!
* * * LOW HITPOINT WARNING * * *
Pikel misses you. The lemure barely misses you.
Found a chain mail.
The lemure hits you.
* * * LOW HITPOINT WARNING * * *
The lemure closely misses you.
Found 2 lumpy red potions.
You see here a +0 chain mail.
Aiming: Throw Flame
Press: ? - help, Q - select action, (/) - cycle Shift-Dir - straight line, f - Pikel
Aim: Pikel, wielding a +2 whip of flaming and wearing a +0 robe (haloed, 74% to hit)
The puff of flame hits Pikel.
Pikel is lightly wounded.
Pikel closely misses you. The lemure hits you.
* * * LOW HITPOINT WARNING * * *
Pikel closely misses you.
A jelly comes into view.
An adder comes into view.
The jelly quivers.
Pikel hits you with a +2 whip of flaming.
* * * LOW HITPOINT WARNING * * *
Pikel burns you.
* * * LOW HITPOINT WARNING * * *
The quokka bites you but does no damage.
Pikel checks his coin pouch and frowns.
The quokka misses you. The adder bites you.
* * * LOW HITPOINT WARNING * * *
The lemure hits you but does no damage. The jelly closely misses you.
The jelly closely misses you.
Pikel hits you with a +2 whip of flaming!
You die...
Your body rises from the dead as a mindless zombie.

##....#....# ..##
#.....5..#.# #..#
...).....#.###..#
#....##......[..###
.....##..#...5....#
........####....r.##
..........#...5Z5..##
##/...........SKS...###
##..#.........5@J!...#
#..###.......#.......#
... .......###......#
....# #......# ....
##..#..# ... .##.... ##
.# ... .. ..


You could see Pikel, 4 lemures, a jelly, 2 adders, a hound zombie and a quokka.

Vanquished Creatures
  A water moccasin (D:5)
  A necrophage (D:3)
  A water moccasin zombie (D:4)
  A water moccasin skeleton (D:4)
  A centaur zombie (D:4)
  2 hounds (D:4)
  A centaur skeleton (D:4)
  A hound skeleton (D:4)
  A gnoll (D:1)
  3 adders
  4 adder zombies (D:4)
  3 worms
  A dart slug (D:3)
  5 orcs
  3 endoplasms
  A giant cockroach (D:3)
  A hobgoblin (D:4)
  3 jackals (D:4)
  A quokka (D:1)
  3 ball pythons (D:4)
  2 bats
  3 goblins (D:3)
  5 kobolds
48 creatures vanquished.

Vanquished Creatures (collateral kills)
  A jackal (D:4)
  A butterfly (D:4)
2 creatures vanquished.

Vanquished Creatures (others)
  A withered plant (D:4)
1 creature vanquished.

Grand Total: 51 creatures vanquished

Notes
Turn   | Place    | Note
-------+----------+-------------------------------------------
     0 | D:1      | cyrus the Gargoyle Gladiator began the quest for the Orb.
     0 | D:1      | Reached XP level 1. HP: 12/12 MP: 1/1
    28 | D:1      | Reached skill level 3 in Polearms
    28 | D:1      | Reached XP level 2. HP: 17/17 MP: 2/2
   110 | D:1      | Upgraded the game from 0.28-a0-1567-g1695149f81 to
                  | 0.28-a0-1594-ga885d4b3d6
   596 | D:3      | Found a burning altar of Makhleb.
   596 | D:3      | Found a faded altar of an unknown god.
   604 | D:3      | Found a radiant altar of Vehumet.
   610 | D:3      | Found a glowing silver altar of Zin.
   612 | D:3      | Found a faded altar of an unknown god.
   692 | D:3      | Noticed a necrophage
   710 | D:3      | Killed a necrophage
   711 | D:3      | Reached skill level 1 in Armour
   711 | D:3      | Reached XP level 3. HP: 9/22 MP: 3/3
   711 | D:3      | Reached XP level 4. HP: 11/27 MP: 4/4
   969 | D:3      | Reached XP level 5. HP: 22/31 MP: 5/5
  1328 | D:3      | Reached skill level 4 in Polearms
  1531 | D:4      | Reached XP level 6. HP: 12/36 MP: 6/6
  1931 | D:4      | Found a staircase to the Ecumenical Temple.
  2139 | D:4      | Found a basalt altar of Yredelemnul.
  2142 | D:4      | Found a sparkling altar of Nemelex Xobeh.
  2453 | D:4      | Became a worshipper of Yredelemnul the Dark
  2626 | D:4      | Reached * piety under Yredelemnul
  2891 | D:4      | Reached skill level 5 in Polearms
  2891 | D:4      | Reached skill level 1 in Stealth
  3362 | D:5      | Entered Level 5 of the Dungeon
  3362 | D:5      | Noticed a water moccasin
  3381 | D:5      | Killed a water moccasin
  3382 | D:5      | Reached XP level 7. HP: 28/41 MP: 7/7
  3389 | D:5      | Noticed Pikel
  3419 | D:5      | HP: 2/41 [adder (2)]
  3420 | D:5      | Slain by Pikel

Illustrated notes

Levels and vault maps discovered:
D:1:      lightli_arrival_boilingwater, layout_basic,
          shapermc_ecumenical_altar_pompeii, nicolae_wormholes
D:2:      layout_loops_ring
D:3:      layout_basic, chequers_temple_overflow_minitemple,
          grunt_decor_arrowhead, nicolae_figureground_pulse
D:4:      layout_layer_cave, jmf_multi_god_temple,
          minmay_temple_entry_butterflies, serial_undead, serial_undead_d,
          serial_undead_d, serial_undead_c, serial_undead_a
D:5:      layout_cave_pools, uniq_crazy_yiuf_cottage, uniq_pikel, uniq_ijyb

Skill      XL: |  1  2  3  4  5  6 |
---------------+-------------------+-----
Polearms       | 3 4 5 |  5.4
Throwing       | 2 |  2.1
Armour         | 1 2 |  2.6
Dodging        | 3 |  3.8
Fighting       | 3 |  3.2
Stealth        | 1 |  1.0

Action                   |  1- 3 |  4- 6 |  7- 9 || total
-------------------------+-------+-------+-------++-------
Melee: Trident           |    38 |   163 |     2 ||   203
       Punch             |       |     1 |       ||     1
Throw: Throwing net      |       |     4 |       ||     4
Evoke: Wand              |       |       |     1 ||     1
 Stab: Held in net/web   |       |     2 |       ||     2
Armor: Leather armour    |    10 |    81 |     5 ||    96
       Skin              |       |       |     3 ||     3
Dodge: Dodged            |    29 |   126 |    14 ||   169

Table legend: (Time is in decaauts)
 A = Elapsed time spent in this place.
 B = Non-inter-level travel time spent in this place.
 C = Inter-level travel time spent in this place.
 D = Time resting spent in this place.
 E = Time spent auto-exploring this place.
 F = Levels seen in this place.
 G = Mean time per level.
                   A        B        C        D        E       F      G
               +--------+--------+--------+--------+--------+-----+--------+
         Total |   3440 |   3428 |     12 |    638 |   1944 |   5 |  688.0 |
       Dungeon |   3440 |   3428 |     12 |    638 |   1944 |   5 |  688.0 |
               +--------+--------+--------+--------+--------+-----+--------+

Top non-repeatable levels by time:
     D:4: 1893 daAuts
     D:3: 1129 daAuts
     D:2: 206 daAuts
     D:1: 152 daAuts
     D:5: 58 daAuts
